 Dungeon Crawl Stone Soup version 0.27.0-1-g7a089689b8 (webtiles) character file.

Game seed: 12131212194807571711

93 Spectrina the Ducker (level 4, -10/24 (27) HPs)
             Began as a Deep Elf Monk on Aug 10, 2021.
             Mangled by Sigmund (11 damage)
             ... on level 6 of the Dungeon.
             The game lasted 00:06:56 (852 turns).

Spectrina the Ducker (Deep Elf Monk)                 Turns: 852, Time: 00:06:56

HP:   -10/24 (27)   AC:  2    Str:  8    XL:     4   Next: 36%
MP:   9/9           EV: 13    Int: 16    God:
Gold: 55            SH:  0    Dex: 17    Spells: 7/7 levels left

rFire    . . .     SeeInvis .   d - +0 dagger
rCold    . . .     Faith    .   (no shield)
rNeg     . . .     Spirit   .   f - +0 robe
rPois    .         Reflect  .   (no helmet)
rElec    .         Harm     .   (no cloak)
rCorr    .         Rampage  .   (no gloves)
Will     .....                  (no boots)
Stlth    +.........             (no amulet)
HPRegen  0.08/turn              (no ring)
MPRegen  0.11/turn              (no ring)

@: confused, heavily drained
A: no striking features
a: no special abilities


You were on level 6 of the Dungeon.
You visited 1 branch of the dungeon, and saw 7 of its levels.

You collected 55 gold pieces.

Inventory:

Hand Weapons
 a - a +0 short sword
 b - a +0 hunting sling
 c - a +2 mace of draining
 d - a +0 dagger (weapon)
Missiles
 h - 16 arrows
 j - 18 bolts
Armour
 f - a +0 robe (worn)
Wands
 g - a wand of iceblast (9)
Scrolls
 i - a scroll of amnesia


   Skills:
 - Level 2.4 Fighting
 - Level 3.0 Short Blades
 - Level 3.6 Dodging
 + Level 3.6 Stealth
 + Level 2.4 Spellcasting
 * Level 3.0 Invocations


You had 7 spell levels left.
You didn't know any spells.
Your spell library was empty.

Dungeon Overview and Level Annotations

Branches:
Dungeon (7/15)
 Temple: D:4-7

Altars:

Annotations:
D:5 Ijyb, Menkaure
D:6 Sigmund
D:7 Harold


Message History

You see here 18 bolts.
j - 18 bolts
Found 10 gold pieces.
You now have 55 gold pieces (gained 10).
Found 12 gold pieces.
A jelly comes into view.
Found 16 stones.
Found a robe. 2 orcs, an orc priest, an orc wizard and Sigmund come into view.
An orc is wielding a +1 war axe of venom.
Sigmund shouts!
The orc priest shouts!
Sigmund barely misses you.
Unknown command.
Sigmund drinks a potion.
Sigmund seems to speed up.
Sigmund gestures wildly while chanting.
Sigmund flickers and vanishes!
Deactivating autopickup; reactivate with Ctrl-A.
As you read the scroll labelled ZINEWE UR XEO, it crumbles to dust.
It is a scroll of amnesia.
You feel forgetful for a moment.
As you read the scroll labelled RUNKES TOICW, it crumbles to dust.
The creatures around you are filled with an inner flame!
It was a scroll of immolation.
Something hits you.
You hear some strange, mumbled words.
Something tries to affect you, but you resist.
You hear some strange, mumbled words.
Something tries to affect you, but you resist.
Something hits you but does no damage.
You aren't carrying any potions.
Something hits you!
You hear some strange, mumbled words.
Something tries to affect you, but you resist.
The orc priest mumbles some strange prayers to Beogh against you.
Beogh smites you!
* * * LOW HITPOINT WARNING * * *
Unknown command.
You hear some strange, mumbled words.
You are confused.
You bump into the rock wall.
Something hits you!
You die...

...# .#.###..
##..##..# ##.##..#
#.##..# ###..#...
...#.##.#
#.##..#.#############
#.# #.#...o.....@...#
#.# #...###########.#
#.# ##..#
#.####..#####
............#
...####>###.# ...#
### #.# ...# #.# ...#
#@#


You could see an orc priest.

Vanquished Creatures
  A bullfrog zombie (D:5)
  4 adders
  A white imp (D:7)
  A dart slug (D:3)
  2 orcs (D:7)
  A bat (D:1)
  An endoplasm (D:3)
  A giant cockroach (D:3)
  2 hobgoblins (D:3)
  A ball python (D:3)
  A kobold (D:1)
  A rat (D:3)
17 creatures vanquished.

Notes
Turn   | Place    | Note
-------+----------+-------------------------------------------
     0 | D:1      | Spectrina the Deep Elf Monk began the quest for the Orb.
     0 | D:1      | Reached XP level 1. HP: 13/13 MP: 3/3
    99 | D:4      | Reached skill level 1 in Spellcasting
    99 | D:4      | Reached skill level 1 in Invocations
    99 | D:4      | Reached XP level 2. HP: 18/18 MP: 3/5
   288 | D:2      | Reached XP level 3. HP: 11/22 MP: 7/7
   429 | D:5      | Entered Level 5 of the Dungeon
   439 | D:5      | Reached XP level 4. HP: 15/27 MP: 7/9
   473 | D:5      | Noticed Menkaure
   473 | D:5      | Noticed Ijyb
   480 | D:6      | Noticed an ogre
   588 | D:7      | Noticed Harold
   831 | D:6      | Noticed Sigmund
   849 | D:6      | HP: 1/24 [orc priest/divine providence (10)]
   852 | D:6      | Mangled by Sigmund

Illustrated notes

Levels and vault maps discovered:
D:1:      saegor_arrival_simple_b, layout_basic,
          hellmonk_ecumenical_altar_blasted, minmay_quantized
D:2:      layout_loops_corners, kennysheep_generic_room_3, uniq_robin
D:3:      layout_loops_ring
D:4:      layout_loops_ring, grunt_temple_overflow_open, temple_doors_cd,
          uniq_pikel
D:5:      layout_rooms, uniq_menkaure, uniq_ijyb
D:6:      layout_basic, kennysheep_generic_room_5, uniq_sigmund
D:7:      layout_basic, minmay_misc_feat_tiny, uniq_harold

Skill      XL: |  1  2  3  4 |
---------------+-------------+-----
Spellcasting   | 1 2 |  2.4
Invocations    | 1 2 3 |  3.0
Stealth        | 3 |  3.6
Fighting       | |  2.4
Short Blades   | |  3.0
Dodging        | |  3.6

Action                   |  1- 3 |  4- 6 || total
-------------------------+-------+-------++-------
Melee: Short sword       |    56 |    15 ||    71
  Use: Potion            |     1 |     3 ||     4
       Scroll            |       |     4 ||     4
 Stab: Sleeping          |     5 |       ||     5
Armor: Robe              |     7 |     2 ||     9
Dodge: Dodged            |    39 |    11 ||    50
